 Dungeon Crawl Stone Soup version 0.22-a0-305-gd21a89c538 (webtiles) character file.

39 Oravi the Bolt Thrower (level 3, -3/21 HPs)
             Began as a Kobold Hunter on Mar 31, 2018.
             Slain by an adder (4 damage)
             ... on level 2 of the Dungeon.
             The game lasted 00:04:19 (1451 turns).

Oravi the Bolt Thrower (Kobold Hunter)              Turns: 1451, Time: 00:04:20

Health: -3/21      AC:  3    Str: 10    XL:     3   Next: 67%
Magic:  3/3        EV: 21    Int: 12    God:
Gold:   81         SH:  0    Dex: 20    Spells: 2/2 levels left

rFire    . . .     SeeInvis .   h - +0 dagger
rCold    . . .     Gourm    .   (shield restricted)
rNeg     . . .     Faith    .   c - +0 leather armour
rPois    .         Spirit   .   (no helmet)
rElec    .         Reflect  .   (no cloak)
rCorr    .         Harm     .   (no gloves)
MR       .....                  (no boots)
Stlth    +++.......             (no amulet)
HPRegen  0.07/turn              i - ring of wizardry
MPRegen  0.08/turn              (no ring)

@: agile, lethally poisoned (-3 -> -6)
A: small, carnivore
a: no special abilities


You were on level 2 of the Dungeon.
You were completely stuffed.

You visited 1 branch of the dungeon, and saw 2 of its levels.

You collected 81 gold pieces.

Inventory:

Hand Weapons
 a - a +2 hand crossbow
 b - a +0 short sword
 h - a +0 dagger (weapon)
Missiles
 d - 20 bolts
Armour
 c - a +0 leather armour (worn)
Jewellery
 i - a ring of wizardry (left hand)
Scrolls
 e - 2 scrolls of identify
 g - a scroll of remove curse
Potions
 l - a potion of brilliance
Comestibles
 f - 2 rations


   Skills:
 - Level 2.1 Fighting
 + Level 2.0 Short Blades
 - Level 5.0 Crossbows
 * Level 3.8 Dodging
 - Level 1.3 Stealth


You had 2 spell levels left.
You didn't know any spells.

Dungeon Overview and Level Annotations

Branches:
Dungeon (2/15)

Altars:


Innate Abilities, Weirdness & Mutations

You are small and have problems with some larger weapons.
You are carnivorous and can eat meat at any time.


Message History

You hit the adder.
The adder is moderately wounded.
The adder misses you.
You hit the adder.
The adder is heavily wounded.
* * * LOW HITPOINT WARNING * * *
You feel sick. The adder misses you.
You hit the adder.
The adder is heavily wounded.
The adder completely misses you.
You hit the adder.
The adder is almost dead.
* * * LOW HITPOINT WARNING * * *
You feel sick. The adder bites you.
* * * LOW HITPOINT WARNING * * *
The adder barely misses you.
You closely miss the adder.
The adder is almost dead.
The adder bites you.
You die...

.........##.....#
#.##..#####.....+
#...............#
#####..######.##########
........................
######.#########.######
### #.# #######.# ...
... ........# ### ##.
######.@# ) #.S# ....#
....... #.......#
#.......# ......#.#
.....$#.#


You could see an adder.

Vanquished Creatures
  An ooze (D:1)
  2 dart slugs (D:1)
  2 leopard geckos (D:1)
  A giant cockroach (D:1)
  5 goblins (D:1)
  2 hobgoblins (D:1)
  A ball python (D:1)
  6 bats (D:1)
  3 frilled lizards (D:1)
  2 kobolds (D:1)
  5 rats
30 creatures vanquished.

Notes
Turn   | Place    | Note
-------+----------+-------------------------------------------
     0 | D:1      | Oravi the Kobold Hunter began the quest for the Orb.
     0 | D:1      | Reached XP level 1. HP: 12/12 MP: 1/1
    38 | D:1      | Reached skill level 5 in Crossbows
   180 | D:1      | Reached XP level 2. HP: 17/17 MP: 2/2
   364 | D:1      | Reached skill level 1 in Short Blades
   540 | D:1      | Reached XP level 3. HP: 21/21 MP: 3/3
  1450 | D:2      | HP: 1/21 [adder (3)]
  1451 | D:2      | Slain by an adder

Vault maps used:
D:1:      grunt_arrival_lava_bath
D:2:      eat_drink_and_be_merry_uskayaw

Skill      XL: |  1  2  3 |
---------------+----------+-----
Crossbows      | 5 |  5.0
Dodging        | 3 |  3.8
Short Blades   | 1 2 |  2.0
Fighting       | |  2.1
Stealth        | |  1.3

Action                   || total
-------------------------++-------
Melee: Short sword       ||    13
       Dagger            ||   125
  Use: Scroll            ||     4
       Potion            ||     1
 Stab: Sleeping          ||     5
  Eat: Chunk             ||    10
Armor: Leather armour    ||    18
Dodge: Dodged            ||   131

Table legend:
 A = Spawn XP
 B = Non-spawn XP
 C = Spawn XP percentage of total XP
 D = Spawn monster count
 E = Non-spawn monster count
 F = Spawn count percentage of total count
 G = Total turns spent on level
                    A         B        C        D         E        F      G
               +---------+---------+-------+---------+---------+-------+---------
         Total |       0 |      56 |   0.0 |       0 |      30 |   0.0 |  1451
               +---------+---------+-------+---------+---------+-------+---------
           D:1 |       0 |      55 |   0.0 |       0 |      29 |   0.0 |  1344
           D:2 |       0 |       1 |   0.0 |       0 |       1 |   0.0 |   107
               +---------+---------+-------+---------+---------+-------+---------
